 Dungeon Crawl Stone Soup version 0.22-a0-571-g4a923d4 (webtiles) character file.

6155 Hebeh the Cleaver (level 10, -5/90 HPs)
             Began as a Minotaur Fighter on July 1, 2018.
             Was a Believer of Trog.
             Killed from afar by an electric eel (14 damage)
             ... with a bolt of electricity
             ... on level 10 of the Dungeon.
             The game lasted 00:28:13 (9897 turns).

Hebeh the Cleaver (Minotaur Fighter)                Turns: 9897, Time: 00:28:14

Health: -5/90      AC: 12    Str: 23    XL:     10   Next: 59%
Magic:  12/12      EV: 23    Int:  5    God:    Trog [**....]
Gold:   493        SH: 12    Dex: 11    Spells: 9/9 levels left

rFire    . . .     SeeInvis +   F - +4 flail (drain)
rCold    + . .     Gourm    .   c - +1 shield
rNeg     + . .     Faith    .   r - +2 scale mail {rC+}
rPois    .         Spirit   .   N - +0 hat
rElec    .         Reflect  .   (no cloak)
rCorr    .         Harm     .   M - +0 pair of gloves
MR       .....                  g - +0 pair of boots
Stlth    ..........             C - amulet of the acrobat
HPRegen  0.25/turn              E - ring of see invisible
MPRegen  0.13/turn              v - ring of positive energy

@: no status effects
A: retaliatory headbutt, horns 2
a: Berserk, Trog's Hand, Renounce Religion


You were on level 10 of the Dungeon.
You worshipped Trog.
Trog was pleased with you.
You were not hungry.

You visited 2 branches of the dungeon, and saw 11 of its levels.

You collected 526 gold pieces.
You spent 33 gold pieces at shops.

Inventory:

Hand Weapons
 a - a +0 war axe
 n - a +1 trident of protection
 F - a +4 flail of draining (weapon)
Missiles
 A - 2 javelins (quivered)
Armour
 c - a +1 shield (worn)
 g - a +0 pair of boots (worn)
 r - a +2 scale mail of cold resistance (worn)
 M - a +0 pair of gloves (worn)
 N - a +0 hat (worn)
Jewellery
 q - an uncursed ring of protection from fire
 t - an uncursed ring of protection from fire
 v - a ring of positive energy (right hand)
 C - an amulet of the acrobat (around neck)
 E - a ring of see invisible (left hand)
 G - an uncursed amulet of rage
Wands
 e - a wand of iceblast (19)
 l - a wand of enslavement (7)
 y - a wand of random effects (21)
 D - a wand of flame (51)
 H - a wand of paralysis (11)
 O - a wand of polymorph (12)
Scrolls
 h - 11 scrolls of remove curse
 m - 11 scrolls of identify
 p - 3 scrolls of magic mapping
 w - a scroll of blinking
 I - a scroll of fog
 L - a scroll of teleportation
Potions
 b - a potion of degeneration {unknown}
 d - 2 potions of might
 i - a potion of brilliance
 j - 3 potions of agility
 k - a potion of heal wounds {unknown}
 o - 3 potions of flight {unknown}
 s - a potion of lignification {unknown}
 u - 3 potions of cancellation
 x - 3 potions of curing
 z - a potion of resistance {unknown}
 B - a potion of magic {unknown}
 J - a potion of invisibility {unknown}
Comestibles
 f - 14 rations
 K - 8 chunks of flesh


   Skills:
 + Level 8.5 Fighting
 + Level 9.3(10.4) Axes
 + Level 4.6(7.6) Maces & Flails
 + Level 5.4(8.1) Polearms
 + Level 4.5 Throwing
 + Level 8.2 Armour
 + Level 8.3 Shields
 + Level 4.2 Evocations


You had 9 spell levels left.
You didn't know any spells.
Your spell library contained the following spells:

 Spells                   Type           Power        Failure   Level  Hunger
 Fireball                 Conj/Fire      #.........   100%        5    ######.
 Conjure Flame            Conj/Fire      #.......     100%        3    ####...
 Throw Flame              Conj/Fire      #.....       99%         2    ###....
 Animate Dead             Necr           N/A          100%        4    #####..
 Pain                     Necr           #...         96%         1    ##.....
 Animate Skeleton         Necr           N/A          96%         1    ##.....
 Vampiric Draining        Necr           #.........   100%        3    ####...
 Sticky Flame             Conj/Fire      #.......     100%        4    #####..
 Regeneration             Chrm/Necr      #.........   100%        3    ####...
 Flame Tongue             Conj/Fire      #....        96%         1    ##.....
 Inner Flame              Hex/Fire       #.......     100%        3    ####...


Dungeon Overview and Level Annotations

Branches:
Dungeon (10/15)            Temple (1/1) D:6
   Lair: D:8-11         Orc: D:9-12

Altars:
Cheibriados
Dithmenos
Fedhas
Gozag
Hepliaklqana
Makhleb
Nemelex Xobeh
Qazlal
Ru
Sif Muna
Trog
Uskayaw
Vehumet
Wu Jian
Xom
Yredelemnul

Shops:
D:6 !

Annotations:
D:5 Prince Ribbit
D:7 1 runed door, George's ghost, novice MiFi


Innate Abilities, Weirdness & Mutations

You reflexively headbutt those who attack you in melee.
You have a pair of horns on your head.


Message History

You are too injured to fight recklessly!
You closely miss the electric eel. Your headbutt misses the electric eel.
The electric eel shoots out a bolt of lightning at you!
The bolt of electricity hits you!
* * * LOW HITPOINT WARNING * * *
The bolt of electricity misses you.
The bolt of electricity hits the electric eel.
The electric eel completely resists.
You closely miss the electric eel. You closely miss the electric eel.
The electric eel shoots out a bolt of lightning at you!
The bolt of electricity hits you!
* * * LOW HITPOINT WARNING * * *
The bolt of electricity hits you!
* * * LOW HITPOINT WARNING * * *
The bolt of electricity hits the electric eel.
The electric eel completely resists.
The electric eel shoots out a bolt of lightning at you!
The bolt of electricity hits you!
You die...

#.# #.#
#.# #.#
#.# #.#
#.#
#.########
#@........
#..;≈≈≈≈≈≈
#..≈≈≈≈≈≈≈
#..≈≈#####
#..≈≈#
##.≈≈#
#.≈≈#
#.≈≈#
#$≈≈#


You could see an electric eel.

Vanquished Creatures
  A two-headed ogre (D:8)
  Maurice (D:8)
  A troll (D:9)
  2 hippogriffs
  2 yaks (D:9)
  A hungry ghost (D:7)
  Edmund (D:5)
  Menkaure (D:4)
  A water moccasin (D:5)
  Duvessa (D:4)
  3 sky beasts
  An ice beast (D:5)
  5 ogres
  2 orc warriors
  A phantom (D:2)
  3 centaurs
  3 big kobolds
  Blork the orc (D:4)
  4 bullfrogs
  3 scorpions
  Dowan (D:4)
  5 killer bees
  4 wights (D:6)
  A howler monkey (D:9)
  3 crimson imps
  2 bullfrog zombies
  4 hounds
  4 jellies
  4 orc priests
  A centaur skeleton (D:9)
  4 iguanas
  5 orc wizards
  Natasha (thrice) (D:3)
  8 worker ants
  A howler monkey zombie (D:6)
  A worker ant zombie (D:8)
  13 adders
  3 gnolls (D:8)
  3 shadow imps
  An ooze (D:2)
  A worm (D:3)
  2 dart slugs
  2 leopard geckos
  29 orcs
  4 bats
  6 giant cockroaches
  6 goblins
  4 hobgoblins
  9 jackals
  15 kobolds
  A quokka (D:5)
  3 ball pythons (D:3)
  3 frilled lizards
  A giant cockroach zombie (D:6)
  A leopard gecko zombie (D:7)
  A quokka skeleton (D:4)
  5 rats
202 creatures vanquished.

Vanquished Creatures (others)
  An orc wizard (D:5)
1 creature vanquished.

Grand Total: 203 creatures vanquished

Notes
Turn   | Place    | Note
-------+----------+-------------------------------------------
     0 | D:1      | Hebeh the Minotaur Fighter began the quest for the Orb.
     0 | D:1      | Reached XP level 1. HP: 19/19 MP: 0/0
   433 | D:1      | Reached XP level 2. HP: 24/27 MP: 1/1
   804 | D:2      | Reached skill level 3 in Axes
   859 | D:2      | Noticed a phantom
   872 | D:2      | Killed a phantom
   872 | D:2      | Reached skill level 4 in Axes
   872 | D:2      | Reached XP level 3. HP: 18/34 MP: 2/2
   872 | D:2      | Reached XP level 4. HP: 22/41 MP: 3/3
  1074 | D:2      | Reached XP level 5. HP: 45/47 MP: 4/4
  1181 | D:2      | Found a radiant altar of Vehumet.
  1808 | D:3      | Noticed Natasha
  1813 | D:3      | Killed Natasha
  1876 | D:3      | Noticed Natasha
  1885 | D:3      | Killed Natasha
  1885 | D:3      | Reached skill level 5 in Axes
  1994 | D:3      | Found a shadowy altar of Dithmenos.
  1996 | D:3      | Found a hide-covered altar of Uskayaw.
  1999 | D:3      | Found a deep blue altar of Sif Muna.
  2173 | D:3      | Reached XP level 6. HP: 54/55 MP: 5/5
  2498 | D:3      | Noticed Natasha
  2504 | D:3      | Killed Natasha
  2504 | D:3      | Reached skill level 5 in Shields
  2572 | D:4      | Noticed Menkaure
  2580 | D:4      | Killed Menkaure
  2580 | D:4      | Reached skill level 5 in Fighting
  2580 | D:4      | Reached skill level 5 in Armour
  2860 | D:4      | Noticed Dowan
  2862 | D:4      | Noticed Duvessa
  2868 | D:4      | Killed Dowan
  2876 | D:4      | Killed Duvessa
  2876 | D:4      | Reached skill level 6 in Axes
  2876 | D:4      | Reached XP level 7. HP: 9/61 MP: 6/6
  3820 | D:4      | Noticed Blork the orc
  3832 | D:4      | Killed Blork the orc
  3836 | D:4      | Reached skill level 7 in Axes
  4135 | D:5      | Entered Level 5 of the Dungeon
  4217 | D:5      | Reached XP level 8. HP: 62/70 MP: 7/7
  4302 | D:5      | Reached skill level 1 in Throwing
  4916 | D:5      | Noticed Edmund
  4923 | D:5      | Reached skill level 1 in Evocations
  4939 | D:5      | Killed Edmund
  5199 | D:5      | Noticed Prince Ribbit
  5233 | D:5      | Reached skill level 1 in Polearms
  5627 | D:6      | Found Saiqul's Distillery.
  5643 | D:6      | Bought a potion of curing for 33 gold pieces
  5756 | D:6      | Reached skill level 8 in Axes
  5922 | D:6      | Found a sparkling altar of Nemelex Xobeh.
  6063 | D:6      | Found a staircase to the Ecumenical Temple.
  6069 | Temple   | Entered the Ecumenical Temple
  6177 | Temple   | Became a worshipper of Trog the Wrathful
  6403 | D:7      | Reached skill level 1 in Maces & Flails
  6438 | D:7      | Reached XP level 9. HP: 79/79 MP: 9/9
  7297 | D:7      | Noticed George's ghost (novice MiFi)
  7298 | D:7      | Found a runed door.
  7794 | D:8      | Reached * piety under Trog
  7820 | D:8      | Noticed Maurice
  7830 | D:8      | Killed Maurice
  7920 | D:8      | Noticed a two-headed ogre
  7928 | D:8      | Killed a two-headed ogre
  7990 | D:8      | Reached XP level 10. HP: 88/88 MP: 11/11
  8023 | D:8      | Found a basalt altar of Yredelemnul.
  8271 | D:8      | Reached skill level 9 in Axes
  8816 | D:9      | Reached skill level 5 in Polearms
  8939 | D:9      | Found a snail-covered altar of Cheibriados.
  9246 | D:9      | Reached ** piety under Trog
  9635 | D:10     | Entered Level 10 of the Dungeon
  9897 | D:10     | Killed from afar by an electric eel

Vault maps used:
D:1:      giann_wishing_wells, grunt_decor_arrowhead, minmay_misc_feat_columns
D:2:      vehumet_crystals
D:3:      minmay_diamond_boxcup, minitemple, uniq_natasha
D:4:      first_ration, uniq_blork_the_orc, uniq_duvessa, uniq_menkaure
D:5:      palyth_stone_intersect, uniq_edmund, uniq_prince_ribbit1
D:6:      nemelex_xobeh_ov_fountains_minmay, minmay_temple_entry_fiery,
          serial_shops, shop_statue
D:7:      gammafunk_ghost_grave
D:8:      basic_altar, uniq_maurice
D:9:      lemuel_crystal_altar
D:10:     erik_orc_2
Temple:   regret_index_temple_sphere_string

Skill      XL: |  1  2  3  4  5  6  7  8  9 10 |
---------------+-------------------------------+-----
Axes           | 4 5 6 7 8 9 |  9.3
Fighting       | 4 5 6 7 8 |  8.5
Armour         | 4 5 6 7 8 |  8.2
Shields        | 4 5 6 7 8 |  8.3
Throwing       | 2 3 4 |  4.5
Evocations     | 2 3 4 |  4.2
Polearms       | 3 4 5 |  5.4
Maces & Flails | 1 3 4 |  4.6

Action                   |  1- 3 |  4- 6 |  7- 9 | 10-12 || total
-------------------------+-------+-------+-------+-------++-------
Melee: War axe           |    46 |   133 |   137 |       ||   316
       Headbutt          |     2 |    14 |    64 |    26 ||   106
       Trident           |       |       |    68 |       ||    68
       Flail             |       |       |   108 |   143 ||   251
  Use: Scroll            |     1 |       |    13 |       ||    14
  Eat: Chunk             |       |     6 |    12 |     6 ||    24
       Ration            |       |       |     2 |       ||     2
Armor: Scale mail        |    16 |    35 |    96 |    59 ||   206
Dodge: Dodged            |     8 |    35 |   102 |    55 ||   200
Block: Shield            |    21 |    49 |   177 |   116 ||   363

Table legend:
 A = Spawn XP
 B = Non-spawn XP
 C = Spawn XP percentage of total XP
 D = Spawn monster count
 E = Non-spawn monster count
 F = Spawn count percentage of total count
 G = Total turns spent on level
                    A         B        C        D         E        F      G
               +---------+---------+-------+---------+---------+-------+---------
         Total |       0 |    8794 |   0.0 |       0 |     203 |   0.0 |  9897
               +---------+---------+-------+---------+---------+-------+---------
           D:1 |       0 |      18 |   0.0 |       0 |      10 |   0.0 |   794
           D:2 |       0 |     211 |   0.0 |       0 |      14 |   0.0 |   725
           D:3 |       0 |     218 |   0.0 |       0 |      39 |   0.0 |  1053
           D:4 |       0 |     821 |   0.0 |       0 |      24 |   0.0 |  1609
           D:5 |       0 |    1013 |   0.0 |       0 |      18 |   0.0 |  1445
           D:6 |       0 |     615 |   0.0 |       0 |      15 |   0.0 |   843
           D:7 |       0 |     818 |   0.0 |       0 |      16 |   0.0 |  1166
           D:8 |       0 |    2609 |   0.0 |       0 |      30 |   0.0 |   815
           D:9 |       0 |    2083 |   0.0 |       0 |      30 |   0.0 |  1139
          D:10 |       0 |     388 |   0.0 |       0 |       7 |   0.0 |   171
               +---------+---------+-------+---------+---------+-------+---------
